 Dungeon Crawl Stone Soup version 0.28-a0-422-gd71735cc25 (webtiles) character file.

Game seed: 8931712473799972724

4 zezblit the Stinger (level 1, 0/11 HPs)
             Began as an Octopode Venom Mage on Sept 8, 2021.
             Slain by a goblin (4 damage)
             ... led by Robin
             ... on level 1 of the Dungeon.
             The game lasted 00:03:37 (489 turns).

zezblit the Stinger (Octopode Venom Mage)            Turns: 489, Time: 00:03:39

Health: 0/11       AC:  1    Str:  9    XL:     1   Next: 60%
Magic:  1/3        EV: 13    Int: 17    God:
Gold:   12         SH:  0    Dex: 12    Spells: 3/4 levels left

rFire   . . .      SeeInvis .   (no weapon)
rCold   + . .      Faith    .   (no shield)
rNeg    . . .      Spirit   .   (helmet restricted)
rPois   .          Reflect  .   (no amulet)
rElec   .          Harm     .   (no ring)
rCorr   .          Rampage  .   (no ring)
Will    .....                   (no ring)
Stlth   +++.......              (no ring)
HPRegen 0.03/turn               (no ring)
MPRegen 0.08/turn               (no ring)
                                (no ring)
                                (no ring)

@: no status effects
A: almost no armour, amphibious, 8 rings, camouflage 1, gelatinous body 1,
(nimble swimmer 1), tentacles, cold resistance 1, strong 1, wild magic 1
a: no special abilities


You were on level 1 of the Dungeon.
You visited 1 branch of the dungeon, and saw 2 of its levels.

You collected 12 gold pieces.

You aren't carrying anything.


   Skills:
 + Level 2.1 Dodging
 + Level 2.7 Stealth
 + Level 2.0 Spellcasting
 + Level 1.0 Transmutations
 + Level 3.8 Poison Magic


You had 3 spell levels left.
You knew the following spells:

 Your Spells              Type           Power      Damage    Failure   Level
a - Sting                 Tmut/Pois      48%        1d5       11%         1

Your spell library contained the following spells:

 Spells                   Type           Power      Damage    Failure   Level
 Poisonous Vapours        Pois/Air       20%        N/A       19%         2
 Mephitic Cloud           Conj/Pois/Air  7%         N/A       43%         3
 Olgreb's Toxic Radiance  Pois           19%        N/A       45%         4


Dungeon Overview and Level Annotations

Branches:
Dungeon (2/15)

Altars:
Xom

Annotations:
D:2 Robin


Innate Abilities, Weirdness & Mutations

You cannot wear most types of armour.
You are amphibious.
You can wear up to eight rings at the same time.
Your skin changes colour to match your surroundings (Stealth+).
Your rubbery body absorbs attacks. (AC +1, EV +1)
((You are camouflaged near water. (Stealth+)))
You have tentacles for arms and can constrict up to eight enemies at once.
Your flesh is cold resistant. (rC+)
Your muscles are strong. (Str +2)
Your spells are a little harder to cast, but a little more powerful.


Message History

You see here a +0 leather armour.
There is an open door here.
You open the door. You open the door.
There is an open door here.
Found 25 stones.
You see here 25 stones.
Found a stone staircase leading down.
Found a white potion and a ring mail.
There is a stone staircase leading down here.
You climb downwards.
The goblin shouts! x6; The hobgoblin shouts!
The goblin shouts! x2
The goblin completely misses you. The goblin hits you with a +0 dagger.
The goblin barely misses you. The goblin hits you with a +0 dagger.
The goblin shouts!
Found 14 gold pieces.
There is a stone staircase leading up here.
The goblin misses you. The goblin closely misses you. x2
The goblin hits you with a +0 dagger.
You climb upwards.
There is a stone staircase leading down here.
It was a potion of mutation.
You feel extremely strange.
You feel stronger.
You feel resistant to cold.
You feel less in control of your magic. The goblin closely misses you.
The goblin barely misses you. The goblin closely misses you. x2
Aiming: Sting (safe; 11% risk of failure)
Press: ? - help, Q - select action Shift-Dir - straight line, f - goblin
Aim: a goblin, wielding a +0 club (64% to hit)
The sting hits the goblin.
The goblin is poisoned.
The goblin is moderately wounded.
The goblin hits you with a +0 club. The goblin closely misses you.
The goblin barely misses you. The goblin closely misses you.
Aiming: Sting (safe; 11% risk of failure)
Press: ? - help, Q - select action Shift-Dir - straight line, f - goblin, p - goblin
Aim: a goblin, wielding a +0 club (64% to hit)
The sting hits the goblin.
The goblin is poisoned.
The goblin is moderately wounded.
The goblin hits you with a +0 club.
You die...

.♣♣ #.# #...# .P♣
#.# ##### ♣.♣####.##
P.♣......#
.♣♣####..# P♣ #..#
##### P♣
##.(#######...#
.♣♣###.........gg..#
.♣.##.....######@g.#
.........## ##g##
##.......# ...
######.## .##.# #.#
.# # #+# .# !# [#


You could see 4 goblins.

Vanquished Creatures
  A bat (D:1)
  An endoplasm (D:1)
  A quokka (D:1)
3 creatures vanquished.

Vanquished Creatures (others)
  A plant (D:1)
1 creature vanquished.

Grand Total: 4 creatures vanquished

Notes
Turn   | Place    | Note
-------+----------+-------------------------------------------
     0 | D:1      | zezblit the Octopode Venom Mage began the quest for the
                  | Orb.
     0 | D:1      | Reached XP level 1. HP: 11/11 MP: 3/3
   364 | D:2      | Found a shimmering altar of Xom.
   484 | D:2      | Noticed Robin
   487 | D:1      | Gained mutation: Your muscles are strong. (Str +2) [potion
                  | of mutation]
   487 | D:1      | Gained mutation: Your flesh is cold resistant. (rC+)
                  | [potion of mutation]
   487 | D:1      | Gained mutation: Your spells are a little harder to cast,
                  | but a little more powerful. [potion of mutation]
   489 | D:1      | Slain by a goblin

Illustrated notes

Levels and vault maps discovered:
D:1:      ncdulo_wetmaze, layout_loops_corners, serial_forest,
          infiniplex_forest_zigzag_1, infiniplex_forest_clump_diagonal,
          infiniplex_forest_straight_3, infiniplex_forest_corner_1,
          infiniplex_forest_lined_ring, infiniplex_forest_clump_cross,
          infiniplex_forest_clump_small, infiniplex_forest_clump_double
D:2:      layout_loops_ring, basic_altar, dilly_ecumenical_altar_fadedgnrine,
          grunt_decor_clamped, minmay_statues_item, chequers_mini_garden,
          kennysheep_jessica_study, uniq_robin

Action                   || total
-------------------------++-------
Melee: Unarmed           ||     9
       Constrict         ||     1
 Cast: Sting             ||     6
  Use: Potion            ||     1
Armor: Skin              ||     1
Dodge: Dodged            ||    18

Table legend: (Time is in decaauts)
 A = Elapsed time spent in this place.
 B = Non-inter-level travel time spent in this place.
 C = Inter-level travel time spent in this place.
 D = Time resting spent in this place.
 E = Time spent auto-exploring this place.
 F = Levels seen in this place.
 G = Mean time per level.
                   A        B        C        D        E       F      G
               +--------+--------+--------+--------+--------+-----+--------+
         Total |    490 |    486 |      4 |     32 |    357 |   2 |  245.0 |
       Dungeon |    490 |    486 |      4 |     32 |    357 |   2 |  245.0 |
               +--------+--------+--------+--------+--------+-----+--------+

Top non-repeatable levels by time:
     D:1: 486 daAuts
     D:2: 4 daAuts
